 Dungeon Crawl Stone Soup version 0.17-a0-2070-g2a5e0a8 (webtiles) character file.

1579942 GilaZews the Conqueror (level 27, 239/245 HPs)
             Began as a Minotaur Fighter on Oct 13, 2015.
             Was the Champion of Okawaru.
             Escaped with the Orb
             ... and 3 runes on Oct 14, 2015!
             The game lasted 08:42:46 (96600 turns).

GilaZews the Conqueror (Minotaur Fighter)          Turns: 96600, Time: 08:42:47

Health: 239/245    AC: 45    Str: 45    XL:     27
Magic:  30/35      EV: 39    Int:  5    God:    Okawaru [******]
Gold:   2239       SH: 20    Dex: 26    Spells: 4 memorised, 6 levels left

rFire  + + +     SeeInvis +     a - +9 double sword (elec)
rCold  + + +     Clarity  .     R - +12 gold dragon armour
rNeg   + + .     SustAt   .     A - +0 shield "Uxuxoub" {*Drain +Blink rPois MR+}
rPois  +         Gourm    .     m - +2 hat
rElec  +         Spirit   .     l - +0 cloak of Deola {rC+}
rCorr  +         Warding  .     D - +2 pair of gloves {Dex+3}
rMut   .         Stasis   .     P - +2 pair of boots {run}
MR     +++..                    H - amulet of faith
Stlth  ..........               O - ring "Idoted" {rF+ rN+ Str+4 Dex+4}
                                B - ring "Ynuoche" {*Drain rN+ Str+6 SInv Stlth+}

@: mighty, agile, resistant, heroism, finesse, very slightly contaminated,
hasted, very quick, extremely resistant to hostile enchantments, extremely
unstealthy
A: retaliatory headbutt, horns 2, blurry vision 1, deformed body, frail 1,
screaming 1
a: Heroism, Finesse, Renounce Religion, Evoke Blink
0: Orb of Zot
}: 3/15 runes: decaying, serpentine, silver


You escaped.
You worshipped Okawaru.
Okawaru was exalted by your worship.
You were not hungry.

You visited 10 branches of the dungeon, and saw 54 of its levels.
You visited the Abyss 1 time.
You also visited: Trove.

You collected 9874 gold pieces.
You spent 7118 gold pieces at shops.

Inventory:

Hand Weapons
 a - a +9 double sword of electrocution (weapon)
Missiles
 c - 7 poisoned javelins
 g - 4 tomahawks of returning
 F - 9 steel javelins (quivered)
 M - 7 javelins of penetration
Armour
 l - the +0 cloak of Deola (worn) {rC+}
   (Okawaru gifted it to you on level 1 of the Elven Halls)

   It protects you from cold.
 m - a +2 hat (worn)
 A - the +0 shield "Uxuxoub" (worn) {*Drain +Blink rPois MR+}
   (Okawaru gifted it to you on level 1 of the Swamp)

   It protects you from poison.
   It affects your resistance to hostile enchantments.
   It lets you blink.
   It causes draining when unequipped.
 D - a +2 pair of gloves of dexterity (worn)
 P - a +2 pair of boots of running (worn)
 R - a +12 gold dragon armour (worn)
Rods
 i - a +1 rod of ignition (12/12)
   (You found it on level 2 of the Depths)
Jewellery
 B - the ring "Ynuoche" (left hand) {*Drain rN+ Str+6 SInv Stlth+}
   (You took it off a deep elf high priest on level 3 of the Elven Halls)

   [ring of see invisible]

   It affects your strength (+6).
   It protects you from negative energy.
   It lets you see invisible.
   It causes draining when unequipped.
   It makes you more stealthy.
 H - an amulet of faith (around neck)
 O - the ring "Idoted" (right hand) {rF+ rN+ Str+4 Dex+4}
   (You found it on level 3 of the Snake Pit)

   [ring of protection from fire]

   It affects your strength (+4).
   It affects your dexterity (+4).
   It protects you from fire.
   It protects you from negative energy.
Scrolls
 f - 2 scrolls of summoning
 h - 6 scrolls of fear
 k - 6 scrolls of blinking
 p - 9 scrolls of immolation
 z - 16 scrolls of remove curse
 E - 8 scrolls of magic mapping
 G - 17 scrolls of teleportation
 S - 2 scrolls of silence
 U - 12 scrolls of identify
 W - a scroll of recharging
 Y - 8 scrolls of fog
Potions
 d - a potion of might
 n - 3 potions of agility
 o - 2 potions of berserk rage
 u - 12 potions of lignification
 J - 5 potions of magic
 N - 2 potions of resistance
 Q - 2 potions of haste
 V - 5 potions of cancellation
 X - 5 potions of curing
Miscellaneous
 j - a phantom mirror
 q - a plain deck of summoning {drawn: 3}
 s - a sack of spiders {used: 1}
 t - a lamp of fire
 v - a sack of spiders {used: 1}
 x - a fan of gales
 C - a plain deck of summoning {the Illusion}
 K - a plain deck of defence {the Elixir}
 L - a lamp of fire
 T - a phial of floods
 Z - a plain deck of defence {drawn: 2}
Comestibles
 e - 39 bread rations
 w - 6 meat rations
 I - 12 fruits


   Skills:
 O Level 27 Fighting
 + Level 26.3(27) Long Blades
 - Level 19.4(24.4) Throwing
 + Level 24.8(27) Armour
 - Level 22.0(27) Dodging
 - Level 15.9(20.9) Shields
 - Level 10.2 Invocations
 + Level 18.4 Evocations


You had 6 spell levels left.
You knew the following spells:

 Your Spells              Type           Power        Failure   Level  Hunger
a - Simulacrum            Ice/Necr       #.........   100%        6    #######
b - Silence               Hex/Air        #.........   100%        5    ######.
c - Darkness              Hex            #.........   100%        6    #######
d - Regeneration          Chrm/Necr      #.........   100%        3    ####...


Dungeon Overview and Level Annotations

Branches:
Dungeon (15/15)            Temple (1/1) D:4            Lair (8/8) D:8
  Swamp (4/4) Lair:3        Snake (4/4) Lair:4        Slime (0/6) Lair:7
    Orc (4/4) D:11            Elf (3/3) Orc:3        Vaults (5/5) D:13
  Crypt (0/3) Vaults:2     Depths (5/5) D:15            Zot (5/5) Depths:5

Altars:
Ashenzari
Cheibriados
Dithmenos
Elyvilon
Fedhas
Gozag
Kikubaaqudgha
Makhleb
Nemelex Xobeh
Okawaru
Qazlal
Ru
Sif Muna
Trog
Vehumet
Xom
Yredelemnul
Zin
The Shining One
Beogh
Lugonu

Shops:
D:13 *   Orc:2 !   Orc:4 ((!(   Elf:3 (   Vaults:1 !   Vaults:2 :   Vaults:4 %

Portals:
Hell: Depths:1 Depths:2 Depths:3 Depths:4 Depths:5
Abyss: Depths:1 Depths:2 Depths:4
Pandemonium: Depths:3
Ziggurat: Depths:5

Annotations:
Lair:5 exclusion: 2 oklob plants
Elf:2 1 runed door


Innate Abilities, Weirdness & Mutations

You reflexively headbutt those who attack you in melee.
You have a pair of horns on your head.
Scrolls take you a little longer to read.
Armour fits poorly on your strangely shaped body.
You are frail (-10% HP).
You occasionally shout uncontrollably at your foes.


Message History

You feel somewhat more hungry.
Use which ability?
You gain the combat prowess of a mighty hero.
You feel slightly more hungry. What do you say? t - Shout!
Orders for allies: a - Attack new target. r - Retreat! s - Stop attacking. w - Wait here. f - Follow me.
Anything else - Stay silent.
Okay, then.
What do you say? t - Shout!
Orders for allies: a - Attack new target. r - Retreat! s - Stop attacking. w - Wait here. f - Follow me.
Anything else - Stay silent.
Okay, then.
There is a staircase leading out of the dungeon here.
You have escaped!

#....# ##...............^....##
#....# #..##..####..##.........
#....###.######################
##.#...#.# #...#...# #####...#
#.#.#.#.# #...#######.#.####
#.#....#.........#
#.##...#.##...##.#
#......#.@#...#..#
######......####...######## ###
#.........................###..
##..........................#.#
#####.##...####..............#
#.##.### ######....##.(..
##....# ####.####.. ####...###
#...##.. #........# ###.##..


There were no monsters in sight!

Vanquished Creatures
  4 ancient liches
  2 pandemonium lords
  3 orbs of fire (Zot:5)
  Mara (Depths:4)
  4 juggernauts (Depths:5)
  Sojobo (Vaults:2)
  Frederick (Vaults:2)
  Norris (Snake:3)
  Vashnia (Snake:2)
  A curse toe (Zot:4)
  4 caustic shrikes
  3 Killer Klowns (Zot:5)
  Nikola (Vaults:3)
  11 golden dragons
  Jory (Vaults:4)
  the Enchantress (Depths:3)
  3 bone dragons (Abyss:1)
  Jorgrun (Swamp:3)
  15 tentacled monstrosities
  4 electric golems
  10 liches
  An Ice Fiend (Zot:1)
  27 Orb Guardians
  3 quicksilver dragons
  A Hell Sentinel (Abyss:1)
  2 deep elf blademasters (Elf:3)
  3 titans (Vaults:5)
  A deep elf master archer (Elf:3)
  4 Executioners
  6 sphinxes
  10 death cobs
  A thorn hunter (Swamp:3)
  20 tentacled starspawn (Abyss:1)
  Kirke (Swamp:1)
  17 storm dragons
  10 shadow dragons
  4 draconian monks
  7 greater nagas
  Wiglaf (Vaults:4)
  16 tengu reavers
  17 frost giants
  5 iron dragons
  4 draconian knights
  Maud (D:12)
  13 deep elf sorcerers
  8 fire giants
  3 draconian scorchers
  19 vault wardens
  Aizul (Swamp:4)
  3 ghost moths
  4 cacodemons
  3 balrugs
  5 draconian shifters
  A draconian zealot (Zot:1)
  29 stone giants
  2 orc warlords
  4 draconian annihilators
  6 spriggan defenders
  An angel (Zot:4)
  3 reapers
  2 ghouls (Vaults:2)
  18 ironheart preservers
  2 draconian callers
  16 very ugly things
  2 war gargoyles
  8 deep elf demonologists
  A corrupter (Depths:5)
  54 starcursed masses (Abyss:1)
  4 vampire knights
  Nessos (Lair:5)
  A dire elephant (shapeshifter) (Vaults:5)
  5 green draconians
  2 lorocyprocas (Abyss:1)
  3 red draconians
  12 yellow draconians
  4 salamander stormcallers
  8 white draconians
  13 deep elf annihilators
  5 mottled draconians
  A chaos champion (Depths:5)
  6 purple draconians
  9 black draconians
  14 ettins
  Snorg (Lair:6)
  4 green deaths
  2 merfolk impalers (Depths:1)
  33 vault guards
  A death ooze (Swamp:4)
  24 yaktaur captains
  7 deep elf death magi
  2 eidola (Abyss:1)
  A blizzard demon (Abyss:1)
  25 fire dragons
  Josephine (Orc:3)
  4 jiangshi
  7 deep elf high priests
  11 entropy weavers
  17 great orbs of eyes
  21 hydras
  3 hell beasts
  Harold (D:10)
  24 ice dragons
  A death knight (Abyss:1)
  14 anacondas
  28 naga warriors
  The ghost of soonmide the Ruffian, a novice TrWr of Qazlal (D:10)
  Erica (D:9)
  9 alligators
  5 rakshasas
  5 spriggan air magi
  9 centaur warriors
  10 thrashing horrors
  18 dancing weapons
  9 tengu warriors
  7 death yaks
  13 ogre magi
  12 deep troll earth magi
  13 deep troll shamans
  3 vampire magi
  20 naga sharpshooters
  2 titan zombies
  14 spriggan berserkers
  5 hell hogs (Abyss:1)
  6 orc high priests
  10 shock serpents
  18 deep elf knights
  The ghost of alpinistek the Frost Mage, a novice DsIE of Sif Muna (D:11)
  28 spriggans
  5 sun demons
  14 hell knights
  2 fire crabs (shapeshifter)
  8 wretched stars (Abyss:1)
  40 small abominations
  4 iron trolls
  A salamander mystic (Snake:2)
  5 shadow wraiths
  4 fire crabs
  4 wizards
  A deep troll (shapeshifter) (Vaults:1)
  2 spatial maelstroms (Abyss:1)
  A death drake (shapeshifter) (Vaults:5)
  An iron troll (shapeshifter) (Vaults:5)
  A cherub (Depths:3)
  41 large abominations
  A torturous demonspawn (Depths:5)
  7 giant orange brains
  10 swamp dragons
  4 flayed ghosts
  A gelid demonspawn (Depths:5)
  A quicksilver dragon simulacrum (Abyss:1)
  A shambling mangrove (Swamp:1)
  35 deep trolls
  17 deep elf summoners
  13 harpies
  2 putrid demonspawn (Depths:5)
  11 phantasmal warriors
  A shadow dragon zombie (Abyss:1)
  Pikel (D:4)
  9 naga ritualists
  9 hill giants
  7 necromancers
  9 unseen horrors
  18 ironbrand convokers
  3 lindwurms
  26 orc knights
  An orb spider (Abyss:1)
  An orb spider (shapeshifter) (Vaults:5)
  18 deep elf conjurers
  79 ugly things
  4 griffons
  A human zombie (Vaults:5)
  9 cyclopes
  A stone giant zombie (Abyss:1)
  3 manticores
  A harpy (shapeshifter) (Vaults:5)
  8 orc sorcerers
  12 salamanders
  A manticore (shapeshifter) (Vaults:5)
  19 elephants
  6 wolf spiders
  9 hornets
  A salamander (shapeshifter) (D:15)
  9 sixfirhies
  A guardian serpent (shapeshifter) (Abyss:1)
  8 worldbinders (Abyss:1)
  An eye of devastation (shapeshifter) (D:14)
  15 mana vipers
  5 apocalypse crabs
  2 moths of wrath (shapeshifter)
  31 black mambas
  4 rust devils
  2 human skeletons
  4 molten gargoyles (D:13)
  7 orange demons
  12 vault sentinels
  24 naga magi
  A frost giant skeleton (Vaults:5)
  An octopode (shapeshifter) (Depths:5)
  A salamander skeleton (Vaults:5)
  18 moths of wrath
  A spiny frog (shapeshifter) (Vaults:5)
  2 torpor snails
  14 smoke demons
  9 guardian serpents
  An emperor scorpion zombie (Abyss:1)
  18 spiny frogs
  95 yaktaurs
  2 kobold demonologists
  3 demonic crawlers
  2 yaktaurs (shapeshifter)
  2 yaktaur zombies
  4 fire drakes
  A hellion (Depths:4)
  12 deep elf priests
  5 efreet
  7 hellwings
  2 red devils
  A tengu simulacrum (Depths:4)
  11 ancient zymes (Abyss:1)
  6 blue devils
  A silent spectre (Abyss:1)
  8 spriggan druids
  2 tengu conjurers
  11 freezing wraiths
  12 komodo dragons
  21 two-headed ogres
  2 polar bears
  A two-headed ogre (shapeshifter) (D:15)
  A queen bee (shapeshifter) (Depths:2)
  4 trolls
  Grinder (D:6)
  49 slime creatures
  9 giant leeches
  4 jumping spiders
  A jumping spider (shapeshifter) (Depths:2)
  23 blink frogs
  17 raiju (Abyss:1)
  2 blink frogs (shapeshifter)
  14 bog bodies
  A boulder beetle (shapeshifter) (Depths:5)
  4 flying skulls (Abyss:1)
  6 boulder beetles
  27 redbacks
  A fire dragon skeleton (Abyss:1)
  4 air elementals
  2 trapdoor spiders (shapeshifter)
  A tarantella (shapeshifter) (Depths:3)
  13 ynoxinuls (Abyss:1)
  8 wraiths
  2 hogs (Swamp:1)
  A centaur simulacrum (D:14)
  8 fire bats
  8 shadows
  A steam dragon (shapeshifter) (Vaults:5)
  36 deep elf fighters
  A human (D:11)
  3 water elementals (Depths:1)
  12 chaos spawn
  6 golden eyes (Abyss:1)
  A golden eye (shapeshifter) (Vaults:3)
  A yaktaur simulacrum (Vaults:3)
  56 yaks
  39 deep elf magi
  43 vampire mosquitoes
  5 basilisks
  2 steam dragons
  2 wyverns
  21 hippogriffs
  A spatial vortex (Abyss:1)
  2 fire elementals (D:14)
  A mottled dragon (shapeshifter) (Vaults:1)
  3 tarantellas
  11 insubstantial wisps (Swamp:4)
  An elf skeleton (Vaults:5)
  A redback simulacrum (D:15)
  Menkaure (D:5)
  A soldier ant (shapeshifter) (Vaults:4)
  34 wolves
  A basilisk (shapeshifter) (Vaults:2)
  5 hungry ghosts
  5 hell hounds (Abyss:1)
  69 nagas
  13 neqoxecs
  14 swamp worms
  6 wargs
  18 water moccasins
  2 mottled dragons
  13 porcupines
  Duvessa (D:5)
  6 necrophages (Swamp:4)
  4 swamp drakes
  64 orc warriors
  2 deep troll skeletons (Vaults:5)
  A spider (shapeshifter) (Vaults:5)
  8 black bears
  3 sky beasts
  6 ice beasts
  71 ogres
  12 boggarts
  2 eyes of draining
  3 phantoms
  23 wasps
  A manticore skeleton (Abyss:1)
  12 crocodiles
  11 centaurs
  A brain worm (Abyss:1)
  2 big kobolds
  A water moccasin zombie (D:9)
  A wyvern zombie (D:13)
  Dowan (D:5)
  24 giant frogs
  2 wyvern skeletons
  3 elf zombies
  An ogre simulacrum (Vaults:1)
  10 killer bees
  A boulder beetle zombie (Vaults:3)
  5 scorpions
  20 wights
  A human simulacrum (Vaults:2)
  2 electric eels
  7 crimson imps
  16 quasits
  A giant frog zombie (D:11)
  7 jellies
  3 centaur zombies
  5 iguanas
  A gnoll shaman (D:5)
  56 orc priests
  5 hounds
  6 centaur skeletons
  3 giant frog skeletons
  7 iron imps
  3 lava snakes (D:14)
  A killer bee zombie (D:7)
  10 worker ants
  39 orc wizards
  10 sheep
  A boulder beetle simulacrum (Vaults:2)
  A worker ant zombie (D:5)
  11 adders
  7 gnolls
  47 river rats
  5 shadow imps
  7 white imps
  12 ufetubi
  An ooze (D:1)
  3 worms
  6 giant geckos
  261 orcs
  9 bats
  7 giant cockroaches
  4 hobgoblins
  14 jackals
  6 quokkas
  2 ball pythons
  A giant gecko skeleton (D:7)
  A giant gecko zombie (D:7)
  9 giant newts
  10 goblins
  A jackal skeleton (D:4)
  14 kobolds
  2 quokka zombies (D:7)
  3 rats
  4 crawling corpses
  A fire vortex (Abyss:1)
  A fungus (Lair:8)
  3 plants
  17 starspawn tentacles (Abyss:1)
3476 creatures vanquished.

Vanquished Creatures (collateral kills)
  2 greater nagas (Snake:4)
  2 naga warriors (Snake:4)
  5 naga sharpshooters (Snake:4)
  A moth of wrath (Zot:5)
  A guardian serpent (Snake:4)
  4 naga magi (Snake:4)
  An orange demon (Depths:5)
  5 nagas (Snake:4)
21 creatures vanquished.

Vanquished Creatures (others)
  An Ice Fiend (Depths:5)
  A fire giant (Depths:3)
  A draconian scorcher (Zot:1)
  A merfolk impaler (Snake:4)
  A deep elf high priest (Vaults:5)
  A centaur warrior (Depths:3)
  A phantasmal warrior (Vaults:5)
  3 yaktaurs
  A deep elf priest (Vaults:4)
  An air elemental (Depths:4)
  A deep elf mage (Elf:3)
  A vampire mosquito (Vaults:2)
  3 humans (Swamp:1)
  A ynoxinul (Abyss:1)
  2 deep elf fighters (Vaults:4)
  A naga (Snake:2)
  2 killer bees (D:9)
  3 orc priests (D:4)
  2 orc wizards (D:4)
  An adder (D:4)
  A giant gecko (D:4)
  2 orcs
  4 jackals (D:4)
  A quokka (D:4)
  A giant newt (D:4)
  7 briar patches (Depths:5)
  A fire vortex (Lair:3)
  A fulminant prism (Depths:5)
  28 fungi
  2 lurking horrors (Abyss:1)
  54 plants
  28 starspawn tentacles (Abyss:1)
  429 starspawn tentacle segments (Abyss:1)
588 creatures vanquished.

Grand Total: 4085 creatures vanquished

Notes
Turn   | Place    | Note
--------------------------------------------------------------
     0 | D:1      | GilaZews the Minotaur Fighter began the quest for the Orb.
     0 | D:1      | Reached XP level 1. HP: 19/19 MP: 0/0
   255 | D:1      | Reached XP level 2. HP: 26/26 MP: 1/1
   256 | D:1      | Reached skill level 4 in Shields
   475 | D:1      | Reached XP level 3. HP: 31/31 MP: 2/2
  1646 | D:2      | Reached XP level 4. HP: 39/39 MP: 3/3
  2300 | D:3      | Reached skill level 5 in Long Blades
  2328 | D:3      | Reached skill level 5 in Shields
  2726 | D:4      | Reached XP level 5. HP: 34/46 MP: 4/4
  3118 | D:4      | Noticed Pikel
  3119 | D:4      | Noticed a slave
  3119 | D:4      | Noticed a slave
  3120 | D:4      | Noticed a slave
  3121 | D:4      | Noticed a slave
  3172 | D:4      | Killed Pikel
  3172 | D:4      | Reached skill level 5 in Fighting
  3172 | D:4      | Reached skill level 6 in Long Blades
  3172 | D:4      | Reached skill level 5 in Armour
  3172 | D:4      | Reached XP level 6. HP: 37/56 MP: 5/5
  3172 | D:4      | Reached XP level 7. HP: 40/61 MP: 6/6
  3760 | D:4      | Found a basalt altar of Yredelemnul.
  3801 | D:4      | Found a staircase to the Ecumenical Temple.
  3810 | Temple   | Entered the Ecumenical Temple
  4056 | D:5      | Entered Level 5 of the Dungeon
  4096 | D:5      | Noticed Menkaure
  4175 | D:5      | Killed Menkaure
  4175 | D:5      | Reached skill level 7 in Long Blades
  4205 | D:5      | Noticed Duvessa
  4205 | D:5      | Reached XP level 8. HP: 70/70 MP: 7/7
  4206 | D:5      | Noticed Dowan
  4243 | D:5      | Killed Duvessa
  4250 | D:5      | Killed Dowan
  4761 | D:5      | Reached skill level 8 in Long Blades
  4822 | D:5      | Found a glowing silver altar of Zin.
  5326 | D:6      | Noticed a centaur skeleton
  5337 | D:6      | Killed a centaur skeleton
  5337 | D:6      | Reached skill level 9 in Long Blades
  5337 | D:6      | Reached XP level 9. HP: 68/79 MP: 8/8
  5553 | D:6      | Found a deep blue altar of Sif Muna.
  5935 | D:6      | Noticed Grinder
  5939 | D:6      | Paralysed by Grinder for 3 turns
  5948 | D:6      | Killed Grinder
  6387 | D:7      | Reached skill level 10 in Long Blades
  7378 | D:8      | Found a blossoming altar of Fedhas.
  7385 | D:8      | Reached skill level 1 in Throwing
  7645 | D:8      | Found a blossoming altar of Fedhas.
  7954 | D:8      | Found a staircase to the Lair.
  7955 | D:8      | Noticed a komodo dragon
  7978 | D:8      | Found an iron altar of Okawaru.
  7979 | D:8      | Found a blossoming altar of Fedhas.
  7981 | D:8      | Became a worshipper of Warmaster Okawaru
  8084 | D:8      | Reached XP level 10. HP: 57/88 MP: 9/9
  8224 | D:8      | Reached skill level 1 in Invocations
  8431 | D:8      | Found an ancient bone altar of Kikubaaqudgha.
  8431 | D:8      | Found an opulent altar of Gozag.
  8431 | D:8      | Found a radiant altar of Vehumet.
  8431 | D:8      | Found a shimmering altar of Xom.
  8438 | D:8      | Found a stormy altar of Qazlal.
  8443 | D:8      | Found a deep blue altar of Sif Muna.
  8542 | D:8      | Killed a komodo dragon
  9091 | D:9      | Found a bloodstained altar of Trog.
  9107 | D:9      | Noticed Erica
  9145 | D:9      | Reached * piety under Okawaru
  9151 | D:9      | Killed Erica
  9151 | D:9      | Reached skill level 11 in Long Blades
  9838 | D:10     | Entered Level 10 of the Dungeon
 10230 | D:10     | Noticed soonmide's ghost (novice TrWr)
 10338 | D:10     | Reached ** piety under Okawaru
 10410 | D:10     | Noticed Harold
 10793 | D:10     | Killed Harold
 10793 | D:10     | Reached XP level 11. HP: 54/97 MP: 13/13
 10980 | D:10     | Noticed a hill giant
 10997 | D:10     | Killed a hill giant
 11042 | D:10     | Reached skill level 12 in Long Blades
 11365 | D:10     | Reached *** piety under Okawaru
 11500 | D:10     | Reached skill level 10 in Shields
 12220 | D:11     | Reached skill level 10 in Armour
 12422 | D:11     | Noticed alpinistek's ghost (novice DsIE)
 12464 | D:11     | Killed alpinistek's ghost
 12464 | D:11     | Reached **** piety under Okawaru
 12507 | D:11     | Found a staircase to the Orcish Mines.
 12988 | D:12     | Reached skill level 5 in Throwing
 13003 | D:12     | Noticed an unseen horror
 13028 | D:12     | Killed an unseen horror
 13028 | D:12     | Received a gift from Okawaru
 13028 | D:12     | Reached skill level 10 in Fighting
 13232 | D:12     | Reached skill level 13 in Long Blades
 13292 | D:12     | Noticed Maud
 13313 | D:12     | Killed Maud
 13313 | D:12     | Reached ***** piety under Okawaru
 13313 | D:12     | Received a gift from Okawaru
 13644 | D:12     | Reached XP level 12. HP: 92/107 MP: 14/14
 13662 | D:12     | Noticed an unseen horror
 13677 | D:12     | Killed an unseen horror
 14610 | D:12     | Received a gift from Okawaru
 15183 | D:12     | Noticed a five-headed hydra
 15189 | D:12     | Killed a one-headed hydra
 15189 | D:12     | Reached skill level 14 in Long Blades
 15503 | D:13     | Found a portal to a secret trove of treasure.
 15515 | Trove    | Entered a treasure trove
 15552 | Trove    | Got a fine falchion
 15553 | Trove    | Identified the +0 falchion "Salahow" {slice, +Rage rPois rC-} (You found it in a treasure trove)
 16124 | D:13     | Identified a scroll of acquirement
 16496 | D:13     | Found Kaucelit's Assorted Antiques.
 16578 | D:13     | Found a gate to the Vaults.
 16578 | D:13     | Noticed a vault guard
 16591 | D:13     | Killed a vault guard
 17049 | Lair:1   | Entered Level 1 of the Lair of Beasts
 17057 | Lair:1   | Reached XP level 13. HP: 118/118 MP: 15/15
 17089 | Lair:1   | Noticed a seven-headed hydra
 17098 | Lair:1   | Killed a three-headed hydra
 17271 | Lair:1   | Noticed a five-headed hydra
 17283 | Lair:1   | Killed a five-headed hydra
 17614 | Lair:1   | Noticed an eight-headed hydra
 17621 | Lair:1   | Killed a five-headed hydra
 18531 | Lair:2   | Received a gift from Okawaru
 19798 | Lair:3   | Received a gift from Okawaru
 19886 | Lair:3   | Reached skill level 15 in Shields
 19897 | Lair:3   | Received a gift from Okawaru
 20455 | Lair:3   | Found a staircase to the Swamp.
 20513 | Lair:3   | Received a gift from Okawaru
 20516 | Lair:3   | Got a shimmering chain mail {god gift}
 20527 | Lair:3   | Identified the +1 chain mail "Atoem" {rF++ Int+2} (Okawaru gifted it to you on level 3 of the Lair of Beasts)
 20585 | Lair:3   | Reached XP level 14. HP: 133/133 MP: 16/16
 21056 | Lair:4   | Reached skill level 5 in Invocations
 21134 | Lair:4   | Found a staircase to the Snake Pit.
 21375 | Lair:4   | Reached skill level 15 in Fighting
 21503 | Lair:4   | Identified the Compendium of Sinister Magic and Conjuration
 21785 | Lair:5   | Noticed Nessos
 21815 | Lair:5   | Killed Nessos
 23149 | Lair:6   | Noticed Snorg
 23160 | Lair:6   | Killed Snorg
 23160 | Lair:6   | Reached skill level 1 in Dodging
 23568 | Lair:6   | Received a gift from Okawaru
 23580 | Lair:6   | Got a distressingly furry ring mail {god gift}
 23592 | Lair:6   | Identified the +4 ring mail "Xauza" {Str+4 Dex+3} (Okawaru gifted it to you on level 6 of the Lair of Beasts)
 24765 | Lair:7   | Found a staircase to the Slime Pits.
 24815 | Lair:7   | Reached skill level 16 in Fighting
 25333 | Lair:8   | Entered Level 8 of the Lair of Beasts
 25357 | Lair:8   | Reached ****** piety under Okawaru
 25384 | Lair:8   | Got a dazzling leather armour
 25395 | Lair:8   | Identified the +1 leather armour of Negation {rPois rC+} (You found it on level 8 of the Lair of Beasts)
 25559 | Lair:8   | Received a gift from Okawaru
 25559 | Lair:8   | Reached skill level 5 in Dodging
 25596 | Lair:8   | Received a gift from Okawaru
 25869 | Lair:8   | Reached XP level 15. HP: 129/145 MP: 19/19
 26289 | Lair:8   | Received a gift from Okawaru
 27305 | Orc:1    | Entered Level 1 of the Orcish Mines
 27446 | Orc:2    | Found Oneydol's Distillery.
 27541 | Orc:2    | Bought a potion of curing for 33 gold pieces
 27541 | Orc:2    | Bought a potion of cure mutation for 385 gold pieces
 27541 | Orc:2    | Bought a potion of curing for 33 gold pieces
 28249 | Orc:1    | Found a runed door.
 28535 | Orc:1    | Found a roughly hewn altar of Beogh.
 29068 | Orc:4    | Entered Level 4 of the Orcish Mines
 29923 | Orc:4    | Reached skill level 17 in Fighting
 30104 | Orc:4    | Found a roughly hewn altar of Beogh.
 30345 | Orc:4    | Found a roughly hewn altar of Beogh.
 30354 | Orc:4    | Received a gift from Okawaru
 30354 | Orc:4    | Reached skill level 15 in Armour
 30391 | Orc:4    | Identified a +2 pair of boots of running (Okawaru gifted it to you on level 4 of the Orcish Mines)
 30577 | Orc:4    | Found Cokob's Distillery.
 30643 | Orc:4    | Found Keleyt's Weapon Shop.
 30906 | Orc:4    | Found Rufuseabb's Weapon Shoppe.
 31100 | Orc:4    | Found Otzillyu's Weapon Shop.
 31503 | Orc:4    | Bought a potion of lignification for 51 gold pieces
 31503 | Orc:4    | Bought 2 potions of curing for 102 gold pieces
 31503 | Orc:4    | Bought a potion of agility for 68 gold pieces
 31503 | Orc:4    | Bought a potion of haste for 170 gold pieces
 31599 | Orc:4    | Bought the +5 falchion "Suhoet" {elec, *Rage +Blink rF++} for 990 gold pieces
 31692 | Orc:3    | Noticed Josephine
 31821 | Orc:3    | Killed Josephine
 31853 | Orc:3    | Found a staircase to the Elven Halls.
 32237 | Snake:1  | Entered Level 1 of the Snake Pit
 32919 | Snake:1  | Received a gift from Okawaru
 32919 | Snake:1  | Reached XP level 16. HP: 125/155 MP: 21/21
 33087 | Snake:1  | Found a bloodstained altar of Trog.
 34140 | Snake:1  | Received a gift from Okawaru
 34692 | Swamp:1  | Entered Level 1 of the Swamp
 35141 | Swamp:1  | Received a gift from Okawaru
 35166 | Swamp:1  | Got a scorched shield {god gift}
 35177 | Swamp:1  | Identified the +0 shield "Uxuxoub" {*Drain +Blink rPois MR+} (Okawaru gifted it to you on level 1 of the Swamp)
 35313 | Swamp:1  | Noticed Kirke
 35332 | Swamp:1  | Killed Kirke
 35332 | Swamp:1  | Reached skill level 10 in Dodging
 35668 | Swamp:1  | Reached skill level 18 in Fighting
 36047 | Swamp:1  | Reached skill level 15 in Long Blades
 36256 | Swamp:2  | Reached skill level 1 in Evocations
 36976 | Swamp:2  | Received a gift from Okawaru
 37427 | Swamp:3  | Noticed Jorgrun
 37506 | Swamp:3  | Killed Jorgrun
 37991 | Swamp:3  | Noticed a tentacled monstrosity
 38009 | Swamp:3  | Killed a tentacled monstrosity
 38885 | Swamp:4  | Entered Level 4 of the Swamp
 38897 | Swamp:4  | Reached XP level 17. HP: 165/165 MP: 22/22
 39292 | Swamp:4  | Reached skill level 5 in Evocations
 40125 | Swamp:4  | Received a gift from Okawaru
 40328 | Swamp:4  | Noticed Aizul
 40400 | Swamp:4  | Killed Aizul
 41282 | Swamp:4  | Got a decaying rune of Zot
 41869 | Elf:1    | Entered Level 1 of the Elven Halls
 42322 | Elf:1    | Received a gift from Okawaru
 42350 | Elf:1    | Got a polished cloak {god gift}
 42361 | Elf:1    | Identified the +0 cloak of Deola {rC+} (Okawaru gifted it to you on level 1 of the Elven Halls)
 43683 | Elf:2    | Reached skill level 19 in Fighting
 43907 | Elf:2    | Reached XP level 18. HP: 176/176 MP: 23/23
 43916 | Elf:2    | Found a runed door.
 43953 | Elf:2    | Found a runed door.
 46038 | Elf:3    | Entered Level 3 of the Elven Halls
 46283 | Elf:3    | Found Jiacitoqu's Antique Weapon Shop.
 46327 | Elf:3    | Received a gift from Okawaru
 46337 | Elf:3    | Got a crystal falchion {god gift}
 46346 | Elf:3    | Identified the +6 falchion of Trauma {slice, +Rage rF+ Int+3 Dex+4} (Okawaru gifted it to you on level 3 of the Elven Halls)
 47491 | Elf:3    | Received a gift from Okawaru
 47499 | Elf:3    | Got a pitted trident {god gift}
 48045 | Elf:3    | Got a fine bronze ring
 48128 | Elf:3    | Reached skill level 10 in Evocations
 48366 | Elf:3    | Received a gift from Okawaru
 48428 | Elf:3    | Received a gift from Okawaru
 48704 | Elf:3    | Identified the ring "Ynuoche" {*Drain rN+ Str+6 SInv Stlth+} (You took it off a deep elf high priest on level 3 of the Elven Halls)
 49384 | Elf:3    | Received a gift from Okawaru
 49616 | Elf:3    | Received a gift from Okawaru
 49988 | Elf:3    | Reached XP level 19. HP: 184/184 MP: 25/25
 50166 | Elf:3    | Learned a level 6 spell: Simulacrum
 50453 | D:11     | stash
 51088 | Snake:2  | Received a gift from Okawaru
 51369 | Snake:1  | Reached skill level 20 in Fighting
 51593 | Snake:2  | Noticed Vashnia
 51617 | Snake:2  | Killed Vashnia
 52333 | Snake:2  | Learned a level 5 spell: Silence
 52340 | Snake:2  | Learned a level 6 spell: Darkness
 52438 | Snake:2  | Hired Zasch the naga for 144 gold.
 52469 | Snake:2  | Your ally Zasch died
 52813 | Snake:2  | Reached skill level 10 in Throwing
 53092 | Snake:3  | Noticed Norris
 53109 | Snake:3  | Killed Norris
 53109 | Snake:3  | Received a gift from Okawaru
 53427 | Snake:3  | Received a gift from Okawaru
 53609 | Snake:3  | Got a scintillating steel ring
 53610 | Snake:3  | Identified the ring "Idoted" {rF+ rN+ Str+4 Dex+4} (You found it on level 3 of the Snake Pit)
 53967 | Snake:4  | Entered Level 4 of the Snake Pit
 54309 | Snake:4  | Hired Kullautoy the merfolk for 337 gold.
 54584 | Snake:4  | Received a gift from Okawaru
 54838 | Snake:4  | Received a gift from Okawaru
 54838 | Snake:4  | Reached XP level 20. HP: 149/195 MP: 26/26
 55537 | Snake:4  | Received a gift from Okawaru
 55763 | Snake:4  | Received a gift from Okawaru
 55767 | Snake:4  | Your ally Kullautoy died
 55854 | Snake:3  | Reached skill level 15 in Dodging
 56410 | Snake:4  | Reached skill level 21 in Fighting
 56561 | Snake:4  | Got a serpentine rune of Zot
 57145 | Vaults:1 | Entered Level 1 of the Vaults
 57146 | Vaults:1 | Upgraded the game from 0.17-a0-2064-g265a032 to 0.17-a0-2070-g2a5e0a8
 57922 | Vaults:1 | Received a gift from Okawaru
 58018 | Vaults:1 | Received a gift from Okawaru
 58396 | Vaults:1 | Found Zameut's Distillery.
 58404 | Vaults:1 | Bought a potion of berserk rage for 60 gold pieces
 58404 | Vaults:1 | Bought a potion of cancellation for 96 gold pieces
 58404 | Vaults:1 | Bought a potion of curing for 36 gold pieces
 58404 | Vaults:1 | Bought a potion of cancellation for 96 gold pieces
 59065 | Vaults:1 | Reached XP level 21. HP: 205/205 MP: 27/27
 59849 | Vaults:2 | Found a staircase to the Crypt.
 59856 | Vaults:2 | Received a gift from Okawaru
 59876 | Vaults:2 | Got a steaming long sword {god gift}
 59877 | Vaults:2 | Identified the +6 long sword of Hokugh {slice, rF+ rC++ Str-4 Dex+4} (Okawaru gifted it to you on level 2 of the Vaults)
 60410 | Vaults:2 | Found Kemecux's Book Emporium.
 60424 | Vaults:2 | Bought a book of Battle for 880 gold pieces
 60424 | Vaults:2 | Bought a book of Air for 770 gold pieces
 60428 | Vaults:2 | Learned a level 3 spell: Regeneration
 60470 | Vaults:2 | Noticed Frederick
 60482 | Vaults:2 | Killed Frederick
 60742 | Vaults:2 | Noticed Sojobo
 61277 | Vaults:2 | Killed Sojobo
 61496 | Vaults:2 | Received a gift from Okawaru
 61758 | Vaults:2 | Received a gift from Okawaru
 61942 | Vaults:2 | Received a gift from Okawaru
 62749 | Vaults:2 | Reached skill level 10 in Invocations
 63140 | Vaults:3 | Reached skill level 22 in Fighting
 63502 | Vaults:3 | Received a gift from Okawaru
 63794 | Vaults:3 | Reached XP level 22. HP: 205/215 MP: 28/28
 64087 | Vaults:3 | Noticed Nikola
 64119 | Vaults:3 | Killed Nikola
 64414 | Vaults:3 | Got a transparent scimitar
 64417 | Vaults:3 | Identified the +8 scimitar "Qithroot" {drain, Str+2} (You found it on level 3 of the Vaults)
 65006 | D:13     | Noticed a centaur warrior
 65015 | D:13     | Killed a centaur warrior
 65134 | D:14     | Noticed a fire dragon
 65142 | D:14     | Killed a fire dragon
 65185 | D:14     | Got an ichor-stained ring mail
 65203 | D:14     | Identified the +1 ring mail "Huq Agom" {*Corrode rElec rF+++ Dex+2} (You found it on level 14 of the Dungeon)
 66121 | D:15     | Entered Level 15 of the Dungeon
 66238 | D:15     | Found a staircase to the Depths.
 66735 | D:15     | Received a gift from Okawaru
 67510 | Vaults:4 | Found Notenuerch's Food Emporium.
 67590 | Vaults:4 | Received a gift from Okawaru
 67786 | Vaults:4 | Received a gift from Okawaru
 67963 | Vaults:4 | Noticed Jory
 67982 | Vaults:4 | Killed Jory
 68065 | Vaults:4 | Noticed Wiglaf
 68083 | Vaults:4 | Killed Wiglaf
 68304 | Vaults:4 | Received a gift from Okawaru
 68745 | Vaults:4 | Received a gift from Okawaru
 69495 | Vaults:5 | Entered Level 5 of the Vaults
 69502 | Vaults:5 | Received a gift from Okawaru
 69508 | Vaults:5 | Reached XP level 23. HP: 205/225 MP: 23/30
 69810 | Vaults:5 | Reached skill level 23 in Fighting
 70404 | Vaults:5 | Received a gift from Okawaru
 70584 | Vaults:5 | Received a gift from Okawaru
 70995 | Vaults:5 | Received a gift from Okawaru
 71141 | Vaults:5 | Received a gift from Okawaru
 71310 | Vaults:5 | Received a gift from Okawaru
 71347 | Vaults:5 | Identified the Catalogue of Blistering Attacks
 71556 | Vaults:5 | Got a jewelled ring mail
 71567 | Vaults:5 | Identified the +0 ring mail of the Dropbear {MR++ Dex+3 Stlth+} (You took it off an orc on level 5 of the Vaults)
 71842 | Vaults:5 | Reached XP level 24. HP: 100/236 MP: 31/31
 72497 | Vaults:5 | Identified Lekhah's Papyrus of Unholy Confrontation (You found it on level 5 of the Vaults)
 72573 | Vaults:5 | Identified the Catalogue of Calling
 72658 | Vaults:5 | Got a silver rune of Zot
 72667 | Vaults:5 | Got a dazzling long sword
 72668 | Vaults:5 | Identified the +2 long sword of Immorality {venom, *Confuse +Fly Dex-3 SInv} (You found it on level 5 of the Vaults)
 73285 | Depths:1 | Entered Level 1 of the Depths
 73526 | Depths:1 | Found a gateway to Hell.
 73654 | Depths:1 | Found a corrupted altar of Lugonu.
 73786 | Depths:1 | Found a one-way gate to the infinite horrors of the Abyss.
 73787 | Depths:1 | Found a glowing golden altar of the Shining One.
 73981 | Depths:1 | Received a gift from Okawaru
 75194 | Depths:2 | Identified a +1 rod of ignition (12/12) (You found it on level 2 of the Depths)
 76016 | Depths:3 | Received a gift from Okawaru
 76203 | Depths:3 | Received a gift from Okawaru
 76261 | Depths:3 | Reached skill level 24 in Fighting
 76558 | Depths:3 | Found a blossoming altar of Fedhas.
 77031 | Depths:3 | Found a one-way gate leading to the halls of Pandemonium.
 78211 | Depths:3 | Received a gift from Okawaru
 78820 | Depths:3 | Reached XP level 25. HP: 246/246 MP: 32/32
 79042 | Depths:4 | Noticed the Enchantress
 79175 | Depths:4 | Reached skill level 15 in Throwing
 79175 | Depths:4 | Received a gift from Okawaru
 79182 | Depths:4 | Noticed Mara
 79732 | Depths:3 | Received a gift from Okawaru
 80171 | D:10     | Killed soonmide's ghost
 80418 | D:13     | Bought a scroll of enchant armour for 277 gold pieces
 80418 | D:13     | Bought a scroll of teleportation for 111 gold pieces
 80418 | D:13     | Bought a fan of gales for 1480 gold pieces
 80418 | D:13     | Bought a phial of floods for 1480 gold pieces
 80580 | Depths:3 | Paralysed by a great orb of eyes for 3 turns
 80787 | Depths:3 | Killed the Enchantress
 80792 | Depths:3 | Got a faerie dragon armour
 80793 | Depths:3 | Identified the +3 faerie dragon armour {rElec Int+5 Clar} (You took it off the Enchantress on level 3 of the Depths)
 81087 | Depths:4 | Killed Mara
 81094 | Depths:4 | Noticed GilaZews's illusion
 81201 | Depths:4 | Noticed GilaZews's illusion
 81473 | Depths:4 | Killed Mara
 81799 | Depths:4 | Received a gift from Okawaru
 82179 | Depths:5 | Entered Level 5 of the Depths
 82431 | Depths:5 | Noticed a juggernaut
 82444 | Depths:5 | Killed a juggernaut
 82444 | Depths:5 | Received a gift from Okawaru
 82558 | Depths:5 | Found a gateway to a ziggurat.
 82579 | Depths:5 | Found a snail-covered altar of Cheibriados.
 82579 | Depths:5 | Found a snail-covered altar of Cheibriados.
 82580 | Depths:5 | Found a shimmering altar of Xom.
 82943 | Depths:5 | Found a gate to the Realm of Zot.
 83178 | Depths:5 | Reached XP level 26. HP: 257/257 MP: 32/32
 83292 | Depths:5 | Noticed a juggernaut
 83308 | Depths:5 | Killed a juggernaut
 83308 | Depths:5 | Reached skill level 25 in Fighting
 83359 | Depths:5 | Received a gift from Okawaru
 83503 | Depths:5 | Noticed a juggernaut
 83517 | Depths:5 | Killed a juggernaut
 83705 | Depths:5 | Noticed an ancient lich
 83710 | Depths:5 | Received a gift from Okawaru
 83721 | Depths:5 | Cast into the Abyss (an ancient lich)
 84473 | Abyss:1  | Gained mutation: You are very frail (-20% HP). [a neqoxec]
 84553 | Abyss:1  | Reached skill level 15 in Evocations
 84613 | Abyss:1  | Noticed an ancient lich
 84633 | Abyss:1  | Killed an ancient lich
 85425 | Abyss:1  | Identified Sulott's Almanac of Damaging Curses (You found it on level 1 of the Abyss)
 85598 | Abyss:1  | Gained mutation: You expend magic power (3 MP) to strengthen your wands. [a neqoxec]
 85623 | Abyss:1  | Received a gift from Okawaru
 86020 | Abyss:1  | Identified Sif Muna's Volume of the Compass and Attacks (You found it on level 1 of the Abyss)
 86142 | Abyss:1  | Reached XP level 27. HP: 223/239 MP: 26/26
 86294 | Abyss:1  | Gained mutation: You regenerate slowly when monsters are visible. [a neqoxec]
 87234 | Abyss:1  | Gained mutation: Scrolls take you a little longer to read. [a cacodemon]
 87575 | Abyss:1  | Gained mutation: Your spells are a little easier to cast, but a little less powerful. [a neqoxec]
 87660 | Abyss:1  | Found a snail-covered altar of Cheibriados.
 87670 | Abyss:1  | Found a corrupted altar of Lugonu.
 88137 | Abyss:1  | Received a gift from Okawaru
 88401 | Abyss:1  | Found a corrupted altar of Lugonu.
 88475 | Abyss:1  | Found a corrupted altar of Lugonu.
 88558 | Depths:5 | Escaped the Abyss
 88563 | Depths:5 | Killed an ancient lich
 88705 | Depths:4 | Lost mutation: Your spells are a little easier to cast, but a little less powerful. [potion of cure mutation]
 88705 | Depths:4 | Lost mutation: You are frail (-10% HP). [potion of cure mutation]
 88705 | Depths:4 | Lost mutation: You expend magic power (3 MP) to strengthen your wands. [potion of cure mutation]
 88706 | Depths:4 | Lost mutation: Scrolls take you a little longer to read. [potion of cure mutation]
 88923 | Depths:5 | Got a scorched long sword
 88924 | Depths:5 | Identified the +6 long sword of the Doomed Warrior {vamp, +Inv Str+2 Dex+4} (You found it on level 5 of the Depths)
 89087 | Depths:5 | Noticed a juggernaut
 89103 | Depths:5 | Killed a juggernaut
 89103 | Depths:5 | Reached skill level 26 in Fighting
 89154 | Zot:1    | Entered Level 1 of the Realm of Zot
 90598 | Zot:2    | Received a gift from Okawaru
 90618 | Zot:1    | Lost mutation: You regenerate slowly when monsters are visible. [potion of cure mutation]
 91450 | Zot:2    | Received a gift from Okawaru
 91714 | Zot:2    | Received a gift from Okawaru
 91797 | Zot:2    | Received a gift from Okawaru
 92128 | Zot:3    | Received a gift from Okawaru
 92140 | Zot:3    | Got a twisted scale mail {god gift}
 92141 | Zot:3    | Identified the +6 scale mail "Wecwoid" {Int+3 Dex-5} (Okawaru gifted it to you on level 3 of the Realm of Zot)
 93848 | Zot:4    | Received a gift from Okawaru
 94102 | Zot:4    | Received a gift from Okawaru
 94231 | Zot:5    | Entered Level 5 of the Realm of Zot
 94449 | Zot:5    | Received a gift from Okawaru
 94675 | Zot:5    | Reached skill level 27 in Fighting
 94680 | Zot:5    | Received a gift from Okawaru
 94721 | Zot:5    | Received a gift from Okawaru
 94735 | Zot:5    | Noticed an ancient lich
 94735 | Zot:5    | Noticed an orb of fire
 94735 | Zot:5    | Gained mutation: Scrolls take you a little longer to read. [an orb of fire]
 94752 | Zot:5    | Gained mutation: Armour fits poorly on your strangely shaped body. [an orb of fire]
 94755 | Zot:5    | Killed an orb of fire
 94768 | Zot:5    | Killed an ancient lich
 94768 | Zot:5    | Received a gift from Okawaru
 94785 | Zot:5    | Noticed an orb of fire
 94785 | Zot:5    | Noticed an ancient lich
 94785 | Zot:5    | Noticed an orb of fire
 94797 | Zot:5    | Gained mutation: You occasionally shout uncontrollably at your foes. [an orb of fire]
 94800 | Zot:5    | Killed an orb of fire
 94816 | Zot:5    | Gained mutation: You are frail (-10% HP). [an orb of fire]
 94823 | Zot:5    | Killed an orb of fire
 94829 | Zot:5    | Killed an ancient lich
 94829 | Zot:5    | Received a gift from Okawaru
 94928 | Zot:5    | Received a gift from Okawaru
 94933 | Zot:5    | Got the Orb of Zot
 95107 | Zot:2    | Noticed Xiam the pandemonium lord
 95119 | Zot:2    | Killed Xiam the pandemonium lord
 95142 | Zot:2    | Noticed Wibroevi the pandemonium lord
 95411 | Depths:5 | Received a gift from Okawaru
 95528 | Depths:5 | Noticed Otarovic the pandemonium lord
 95541 | Depths:5 | Killed Otarovic the pandemonium lord
 95706 | Depths:4 | Noticed Soipreor the pandemonium lord
 95798 | Depths:4 | Received a gift from Okawaru
 96229 | D:13     | Received a gift from Okawaru
 96600 | D:$      | Escaped with the Orb!

Vault maps used:
D:1:      onia_arrival_mini_spirals, kennysheep_boxes
D:2:      minmay_misc_feat_tiny, minmay_statues_item, kennysheep_generic_room_2
D:3:      serial_co_window_serial, co_window_paths_a, co_window_paths_a,
          co_window_of_opportunity_a, co_window_corner_a, co_window_corner_a,
          co_window_paths_c, co_window_broadway_a, co_window_2corner,
          co_window_broadway_a, co_window_broadway_c, co_window_broadway_b,
          co_window_paths_d, glass_columns_a
D:4:      kennysheep_mini, lemuel_temple_firewalk, hex_medium, minivault_24,
          uniq_pikel
D:5:      zin_treasury, first_bread, grunt_ministairs_15, minivault_14,
          uniq_duvessa, uniq_menkaure
D:6:      basic_altar, kennysheep_cross_room, uniq_grinder
D:8:      lemuel_crystal_altar, minmay_overflow_temple_hex, old_standard_altar,
          david_lair_shrubbed, hangedman_tree_tricks, grunt_decor_arrowhead,
          minmay_misc_feat_alley, fedhas_altar_2
D:9:      kennysheep_mini_moat, st_stairs_7, uniq_erica
D:10:     uniq_harold
D:11:     erik_orc_4, roderic_lattice_a
D:12:     grunt_ministairs_12, minmay_variable_closet, uniq_maud
D:13:     david_vaults_5, serial_shops, nicolae_shop_stone,
          nicolae_trove_entry_crossroad, minivault_8
D:14:     kennysheep_big_flooded_room, lab_entry_generic,
          serial_co_window_serial, co_window_corner_a,
          co_window_of_opportunity_a, co_window_paths_b, co_window_corner_a,
          co_window_of_opportunity_a, co_window_broadway_c, co_window_corner_b,
          co_window_corner_ca, co_window_2corner, co_window_corner_b,
          co_window_corner_b, einodemon_crawler_minivault
D:15:     hangedman_depths_entry_civil_slaughter, minmay_misc_feat_cross
Temple:   minmay_temple_bridge_a_8
Lair:1:   serial_bayou_pond_d
Lair:3:   swamp_mist_pool, nicolae_volcano_entry_vermiform
Lair:4:   guppyfry_snake_entry_island, minmay_holes, grunt_megastairs_2
Lair:5:   disabler_island, grunt_megastairs_3, uniq_nessos
Lair:6:   beast_lair_carwin_11, uniq_snorg
Lair:7:   slime_dummy, grunt_forest_small_clearing_treed
Lair:8:   minmay_lair_end_enchanted_forest, serial_bayou_lagoon_a,
          grunt_forest_stairs_basic, lemuel_fruit_fields, grunt_megastairs_4
Swamp:1:  evilmike_swamp_ruin_house_1, swamp_pool2, uniq_kirke
Swamp:2:  nicolae_swamp_triple_paths
Swamp:3:  evilmike_swamp_ruin_house_4, uniq_jorgrun
Swamp:4:  swamp_vile, swamp_pool3, roderic_carrion_pond, uniq_aizul
Snake:1:  basic_altar, serial_bayou_shore_b
Snake:2:  st_stairs_11, serial_bayou_shore_b, uniq_vashnia
Snake:3:  stair_cage_cross, nrook_guardian_serpent_double, uniq_norris
Snake:4:  snake_pit, fake_guardian_serpent_vault
Orc:1:    lightli_church_of_beogh
Orc:2:    serial_shops, shop, mines2_lemuel
Orc:3:    nicolae_orc_pool_cavern, uniq_josephine
Orc:4:    pubby_orc_utopia
Elf:1:    minmay_elf_arrival_plus, hangedman_elf_disciples, spider_trap
Elf:3:    minmay_elf_hall_x, serial_shops, shop, roderic_lattice_octagonal_star,
          basic_stair_grate_trap
Vaults:1: v_rooms_3, nicolae_vaults_border_crossing, vaults_room_door_hall,
          dpeg_vaults_waves, vaults_mumra_minichess, vaults_room_fancy_cross,
          vaults_room_mumra_shop_pool, ontoclasm_vaults_eye,
          nicolae_vaults_little_squares_3, v_alt_pattern_1
Vaults:2: v_pattern_5, serial_ice_m, hangedman_vaults_cutoff, v_misc_11,
          vaults_dpeg_ring, vaults_mumra_chevron,
          minmay_crypt_entry_simple_statues, vaults_room_boxed,
          nicolae_vaults_ring_of_whatevers, nicolae_vaults_hallways_thing,
          hangedman_vaults_slice, nicolae_vaults_little_squares_3, serial_shops,
          shop, uniq_frederick, uniq_sojobo
Vaults:3: v_alt_pattern_4, v_alt_pattern_5, st_star, nicolae_vaults_little_ls,
          vaults_room_pools, v_misc_26, vaults_room_ringed_pool,
          vaults_room_large_hall, v_misc_4, hangedman_vaults_slice, uniq_jory,
          uniq_nikola
Vaults:4: v_misc_32, hangedman_vaults_slither, v_misc_3,
          dpeg_vaults_monster_box, nicolae_vaults_branching_niches,
          nicolae_vaults_twisting_passages, nicolae_vaults_little_squares_4,
          vaults_room_pools, vaults_room_grunt_arrival_ludios, serial_shops,
          nicolae_shop_trees, uniq_wiglaf
Depths:1: abyss_entry, grunt_hell_entry_dis_mu, tso_metal_star,
          nrook_mini_vaults, serial_bayou_pond_d, kennysheep_cluttered_room,
          tgw_lugonu_bribe
Depths:2: kennysheep_scales, minmay_misc_feat_nine_boxes, abyss_entry_crystal,
          hellmouth_1
Depths:3: hangedman_cross_cluster, rand_demon_pan_entry_7, lightli_too_deep,
          hangedman_abyss_or_decor_jellyfish_corner
Depths:4: hangedman_arch_fort, abyss_entry, hangedman_geh_valley,
          minmay_misc_feat_pillars, hangedman_decor_riveting,
          hangedman_decor_push, spider_trap, minivault_11, serial_bayou_shore_b,
          serial_bayou_shore_b, uniq_mara, uniq_enchantress
Depths:5: hangedman_slaughterboxes, hell_entry, serial_shops
Zot:2:    nicolae_zot_stationary_front, lemuel_baited_zot_trap, st_stairs_7,
          zot_minivault_8
Zot:3:    grunt_ministairs_9
Zot:5:    lemuel_baited_zot_trap
Trove:    trove_weapon_1

Action                   |  1- 3 |  4- 6 |  7- 9 | 10-12 | 13-15 | 16-18 | 19-21 | 22-24 | 25-27 || total
-------------------------+-------+-------+-------+-------+-------+-------+-------+-------+-------++-------
Melee: Long sword        |    79 |   110 |   448 |   125 |       |       |       |   266 |       ||  1028
       Scimitar          |       |       |       |   557 |    86 |    88 |       |       |       ||   731
       Demon blade       |       |       |       |   126 |  1787 |  1822 |  1816 |  1086 |       ||  6637
       Double sword      |       |       |       |       |       |       |       |   507 |  2933 ||  3440
Throw: Stone             |       |       |     1 |       |       |       |       |       |       ||     1
       Tomahawk          |       |       |       |     6 |       |       |       |       |       ||     6
       Javelin           |       |       |       |       |     8 |     3 |   205 |   135 |   109 ||   460
Invok: Heroism           |       |       |       |     3 |     4 |    11 |     9 |    12 |    10 ||    49
       Finesse           |       |       |       |       |     2 |     6 |     6 |     9 |    13 ||    36
 Abil: Evoke Blink       |       |       |       |       |       |       |       |       |    10 ||    10
Evoke: Deck              |       |       |       |       |       |       |     4 |     1 |     6 ||    11
       Rod               |       |       |       |       |       |       |       |     2 |       ||     2
       Sack of spiders   |       |       |       |       |       |       |       |       |     2 ||     2
       Lamp of fire      |       |       |       |       |       |       |       |       |     1 ||     1
  Use: Scroll            |     5 |     1 |     5 |    16 |     8 |    10 |    14 |    17 |    36 ||   112
       Potion            |       |       |       |     7 |       |     5 |       |     8 |    32 ||    52
 Stab: Invisible         |       |       |       |     4 |       |       |       |    11 |       ||    15
       Distracted        |       |       |       |       |       |       |     8 |       |     6 ||    14
       Petrifying        |       |       |       |       |       |       |       |       |     2 ||     2
       Confused          |       |       |       |       |       |       |       |       |     1 ||     1
  Eat: Chunk             |     2 |     5 |    15 |    23 |    50 |    49 |    34 |    47 |    31 ||   256
       Beef jerky        |       |       |     1 |       |       |     4 |       |     1 |     4 ||    10
       Pizza             |       |       |       |     3 |       |       |       |       |     3 ||     6
       Fruit             |       |       |       |     1 |     2 |       |    12 |     1 |    26 ||    42
       Royal jelly       |       |       |       |     1 |       |       |       |       |       ||     1
       Meat ration       |       |       |       |       |       |       |       |       |     3 ||     3
